 Dungeon Crawl Stone Soup version 0.16-a0-783-gf476f6a (webtiles) character file.

53 PolkaDot the Caller (level 3, -2/28 HPs)
             Began as a Vampire Summoner on Sept 26, 2014.
             Slain by an adder (3 damage)
             ... on Level 2 of the Dungeon.
             The game lasted 00:07:44 (1660 turns).

PolkaDot the Caller (Vampire Summoner)              Turns: 1660, Time: 00:07:44

HP  -2/28        AC  2     Str  7      XL: 3   Next: 64%
MP   2/6         EV 12     Int 18      God:
Gold 104         SH  0     Dex  9      Spells:  2 memorised,  2 levels left

rFire  . . .     SeeInvis +     f - +0 dagger
rCold  . . .     Clarity  .     a - +0 robe
rNeg   . . .     rCorr    .     (no shield)
rPois  .         rRot     .     (no helmet)
rElec  .         Spirit   .     (no cloak)
SustAb .         Warding  .     (no gloves)
rMut   .         Stasis   .     (no boots)
Gourm  .                        (no amulet)
MR     .....                    (no ring)
                                j - cursed -5 ring of dexterity

@: lethally poisoned, regenerating quickly, not resistant to hostile
enchantments, unstealthy
A: fangs 3, see invisible, unbreathing
a: no special abilities


You were on level 2 of the Dungeon.
You were very full.

You visited 1 branch of the dungeon, and saw 2 of its levels.

You collected 104 gold pieces.

Inventory:

Hand weapons
 f - a +0 dagger (weapon)
Armour
 a - a +0 robe (worn)
Scrolls
 c - a scroll of fear {unknown}
 d - a scroll of remove curse {unknown}
 e - a scroll of enchant armour {unknown}
 h - a scroll of magic mapping {unknown}
 i - 4 scrolls of identify {unknown}
Jewellery
 j - a cursed -5 ring of dexterity (left hand)
Books
 b - a book of Callings

   Spells                             Type                      Level
   *Summon Small Mammal               Summoning                    1
   Call Imp                           Summoning                    2
   *Call Canine Familiar              Summoning                    3
   Summon Guardian Golem              Hexes/Summoning              4
   Summon Lightning Spire             Summoning/Air                4
   Summon Ice Beast                   Ice/Summoning                4


   Skills:
 * Level 2.5 Fighting
 - Level 2.1 Dodging
 - Level 3.0 Stealth
 - Level 2.0 Spellcasting
 + Level 4.4 Summonings


You had 2 spell levels left.
You knew the following spells:

 Your Spells              Type           Power        Failure   Level  Hunger
a - Summon Small Mammal   Summ           ###.         3%          1    #......
d - Call Canine Familiar  Summ           ###.....     12%         3    ####...


Dungeon Overview and Level Annotations

Branches:
Dungeon (2/15)

Altars:

Annotations:
D:2 Ijyb


Innate Abilities, Weirdness & Mutations

Your natural rate of healing is unusually fast.
You have razor-sharp teeth.
You have supernaturally acute eyesight.
You can survive without breathing.


Message History

You feel sick. The adder closely misses you.
You barely miss the adder. Your bite misses the adder.
Your hound misses the adder. The adder bites you.
* * * LOW HITPOINT WARNING * * *
You are more poisoned.
The adder poisons you!
Your hound misses the adder. You hit the adder but do no damage.
The adder bites you.
* * * LOW HITPOINT WARNING * * *
Your hound misses the adder.
You aren't carrying any potions.
* * * LOW HITPOINT WARNING * * *
You feel sick. The adder barely misses you.
Your hound bites the adder.
Your hound bites the adder.
* * * LOW HITPOINT WARNING * * *
You feel sick.
Your hound misses the adder. The adder barely misses you.
Your hound barely misses the adder.
* * * LOW HITPOINT WARNING * * *
You feel sick. The adder bites you.
You die...

#.#.# #.###'# ........ .. #.#..
..# #.# ........##. .### #####.#
...g....... #..# ..gg..g...#
########..# ..g.g..g..#
#.>.......#.8.8.8.8...#####.
#.....######..#########.........
##### #..S###..))....######
#..#@).#.####### #...h....#
##.####### #.# #.# #.# #.# #.#
#.#


You could see an adder and a friendly hound.

Vanquished Creatures
  Terence (D:2)
  An ooze (D:1)
  A ball python (D:1)
  2 hobgoblins (D:1)
  4 jackals (D:2)
  3 bats (D:1)
  A giant newt (D:1)
  8 goblins
  2 kobolds (D:1)
  4 rats (D:1)
27 creatures vanquished.

Vanquished Creatures (collateral kills)
  An adder (D:2)
  2 worms (D:2)
  A giant cockroach (D:2)
  A goblin (D:2)
  2 hobgoblins
  A quokka (D:2)
  A rat (D:1)
9 creatures vanquished.

Vanquished Creatures (others)
  3 bats
  3 quokkas (D:2)
  5 rats (D:2)
11 creatures vanquished.

Grand Total: 47 creatures vanquished

Notes
Turn   | Place    | Note
--------------------------------------------------------------
     0 | D:1      | PolkaDot, the Vampire Summoner, began the quest for the Orb.
     0 | D:1      | Reached XP level 1. HP: 13/13 MP: 3/3
   231 | D:1      | Reached skill level 1 in Fighting
   300 | D:1      | Reached XP level 2. HP: 21/21 MP: 4/4
  1166 | D:2      | Reached XP level 3. HP: 11/27 MP: 6/6
  1322 | D:2      | HP: 1/27 [poisoned by an adder]
  1329 | D:2      | HP: 1/27 [poisoned by an adder]
  1493 | D:2      | Noticed Terence
  1511 | D:2      | Killed Terence
  1571 | D:2      | Noticed Ijyb
  1614 | D:2      | Learned a level 3 spell: Call Canine Familiar
  1660 | D:2      | HP: 1/28 [poisoned by an adder]
  1660 | D:2      | Slain by an adder

Action                   || total
-------------------------++-------
Melee: Unarmed           ||    29
       Dagger            ||   156
       Hand axe          ||     1
 Cast: Summon Small Mamm ||    24
       Call Canine Famil ||     2
  Use: Potion            ||     3
 Stab: Sleeping          ||     2
  Eat: Corpse            ||    14
